 Dungeon Crawl Stone Soup version 0.19.1 (webtiles) character file.

136 Nakatomy the Insei (level 5, 0/25 HPs)
             Began as a Vine Stalker Transmuter on Dec 23, 2016.
             Killed by nerve-wracking pain
             ... invoked by an orc priest
              (7 damage)
             ... on level 3 of the Dungeon.
             The game lasted 00:18:01 (3517 turns).

Nakatomy the Insei (Vine Stalker Transmuter)        Turns: 3517, Time: 00:18:02

Health: 0/25       AC:  5    Str: 13    XL:     5   Next: 19%
Magic:  0/19       EV: 12    Int: 13    God:
Gold:   235        SH:  0    Dex: 15    Spells: 3 memorised, 4 levels left

rFire  . . .     SeeInvis .       - Unarmed
rCold  . . .     Gourm    .     b - +0 robe
rNeg   . . .     Faith    .     (no shield)
rPois  .         Spirit   +     h - +2 helmet
rElec  .         Reflect  .     (no cloak)
rCorr  .         Harm     .     (no gloves)
MR     .....                    (no boots)
Stlth  +.........               (no amulet)
                                (no ring)
                                n - ring of magical power

@: no status effects
A: fangs 2, regeneration 1, magic shield, antimagic bite, no device heal 3, rot
immunity
a: no special abilities


You were on level 3 of the Dungeon.
You were not hungry.

You visited 1 branch of the dungeon, and saw 3 of its levels.

You collected 235 gold pieces.

Inventory:

Missiles
 a - 48 arrows (quivered)
Armour
 b - a +0 robe (worn)
 h - a +2 helmet (worn)
Jewellery
 n - a ring of magical power (left hand)
Wands
 q - a wand of iceblast (2/15)
Scrolls
 e - a scroll of identify
 g - a scroll of remove curse
 i - 2 scrolls of teleportation {unknown}
 j - a scroll of enchant armour {unknown}
 k - a scroll of magic mapping
Potions
 f - a potion of haste
 l - a potion of curing {unknown}
 o - 2 potions of invisibility
 p - a potion of might {unknown}
 r - a potion of magic {unknown}
 s - 2 potions of flight
 t - 3 potions of brilliance
Books
 c - a book of Changes

   Spells                             Type                      Level
   a - Beastly Appendage              Transmutation                1
   b - Sticks to Snakes               Transmutation                2
   c - Spider Form                    Transmutation/Poison         3
   d - Ice Form                       Ice/Transmutation            4
   e - Blade Hands                    Transmutation                5
Comestibles
 d - a bread ration
 m - a slice of pizza


   Skills:
 + Level 0.8 Fighting
 - Level 1.5 Dodging
 + Level 4.2 Unarmed Combat
 + Level 3.1 Spellcasting
 + Level 3.5 Transmutations


You had 4 spell levels left.
You knew the following spells:

 Your Spells              Type           Power        Failure   Level  Hunger
a - Beastly Appendage     Tmut           ##....       8%          1    #......
b - Sticks to Snakes      Tmut           ##......     10%         2    ##.....
c - Spider Form           Tmut/Pois      #.........   34%         3    ###....


Dungeon Overview and Level Annotations

Branches:
Dungeon (3/15)

Altars:
Cheibriados
Hepliaklqana
Sif Muna


Innate Abilities, Weirdness & Mutations

You have extremely sharp teeth.
Your natural rate of healing is unusually fast.
When hurt, damage is shared between your health and your magic reserves.
Your bite disrupts and absorbs the magic of your enemies.
Potions and wands cannot restore your health.
You are immune to rotting.


Message History

You claw the orc priest, but do no damage.
You bite the orc priest, but do no damage.
The orc priest is almost dead.
The orc hits you but does no damage.
The orc priest mumbles some strange prayers to Beogh against you.
Beogh smites you!
* * * LOW HITPOINT WARNING * * *
You hit the orc priest but do no damage.
You claw the orc priest, but do no damage.
The orc priest is almost dead.
The orc closely misses you. x2
The orc priest looks satisfied for a moment.
You barely miss the orc priest. You claw the orc priest.
Your bite misses the orc priest.
The orc priest is almost dead.
Your talons disappear.
The orc hits you but does no damage. x2
The orc priest mumbles some strange prayers to Beogh against you.
Pain shoots through your body!
You die...

#............# #.......#.####
#.###........# #.##.##.#.....
#.###........######.##.##.######
#.#...........))..#.##..........
##.#.#........####%#.#####.####..
.....#........##.....#####.# ##.#
##.)..........##o###.......# #...
###.###########o# #...##### #...
...# #@###.#.## #... .##.#
#oo......# #... #.# ###.###..###
#... .<# . ##.#....o.####... ###
....###.....o.o........
.........#.............
....####............... ..
#......#.###.... #.#.####.# #....


You could see an orc priest and 3 orcs.

Vanquished Creatures
  The ghost of ZaaltNaerthe the Scratcher, a weakling FeTm of Hepliaklqana (D:3)
  2 adders
  A worm (D:1)
  2 dart slugs (D:2)
  2 leopard geckos (D:1)
  13 orcs (D:3)
  2 ball pythons
  4 goblins
  11 hobgoblins
  2 jackals (D:3)
  9 kobolds
  A quokka (D:2)
  7 bats
  2 frilled lizards (D:1)
  5 rats
64 creatures vanquished.

Vanquished Creatures (collateral kills)
  2 orcs (D:3)
2 creatures vanquished.

Grand Total: 66 creatures vanquished

Notes
Turn   | Place    | Note
-------+----------+-------------------------------------------
     0 | D:1      | Nakatomy the Vine Stalker Transmuter began the quest for the Orb.
     0 | D:1      | Reached XP level 1. HP: 9/9 MP: 4/4
   313 | D:1      | Reached XP level 2. HP: 2/14 MP: 0/6
   727 | D:1      | Learned a level 2 spell: Sticks to Snakes
  1107 | D:1      | Reached XP level 3. HP: 13/17 MP: 4/7
  1429 | D:2      | Learned a level 3 spell: Spider Form
  2278 | D:2      | Found a snail-covered altar of Cheibriados.
  2390 | D:2      | Found a hazy altar of Hepliaklqana.
  2390 | D:2      | Found a deep blue altar of Sif Muna.
  2510 | D:3      | Gained mutation: Your natural rate of healing is unusually fast. [Vine Stalker growth]
  2510 | D:3      | Reached XP level 4. HP: 20/21 MP: 8/8
  2846 | D:3      | Reached skill level 4 in Unarmed Combat
  2920 | D:3      | Noticed ZaaltNaerthe's ghost (weakling FeTm)
  2942 | D:3      | Killed ZaaltNaerthe's ghost
  2942 | D:3      | Reached XP level 5. HP: 23/25 MP: 10/10
  3517 | D:3      | Killed from afar by an orc priest

Skill      XL: |  1  2  3  4  5 |
---------------+----------------+-----
Transmutations | 3 |  3.5
Unarmed Combat | 4 |  4.2
Spellcasting   | 3 |  3.1
Fighting       | |  0.8
Dodging        | |  1.5

Action                   |  1- 3 |  4- 6 || total
-------------------------+-------+-------++-------
Melee: Unarmed           |   106 |   119 ||   225
       Bite              |    32 |    27 ||    59
       Kick              |    13 |    36 ||    49
       Punch             |     2 |     5 ||     7
 Cast: Beastly Appendage |    25 |    17 ||    42
       Sticks to Snakes  |     2 |     2 ||     4
Evoke: Wand              |     1 |       ||     1
  Use: Scroll            |       |    10 ||    10
 Stab: Sleeping          |     2 |       ||     2
  Eat: Chunk             |     4 |     4 ||     8
       Beef jerky        |     1 |       ||     1
Armor: Robe              |    23 |    28 ||    51
       Chain mail        |       |     3 ||     3
Dodge: Dodged            |    66 |    68 ||   134
